 Dungeon Crawl Stone Soup version 0.31-a0-210-gccc998df9b (webtiles) character file.

Game seed: 9368402712001148510

436 qw the Chopper (level 7, -1/43 HPs)
             Began as a Gargoyle Fighter on June 30, 2023.
             Slain by a gnoll bouda
             ... wielding a +0 club
              (8 damage)
             ... on level 4 of the Dungeon.
             The game lasted 00:01:32 (2782 turns).

qw the Chopper (Gargoyle Fighter)                   Turns: 2782, Time: 00:01:33

Health: -1/43      AC: 17    Str: 22    XL:     7   Next: 1%
Magic:  7/7        EV: 11    Int:  8    God:
Gold:   132        SH:  4    Dex:  9    Spells: 6/6 levels left

rFire   . . .        Y - +1 war axe
rCold   . . .        c - +0 buckler
rNeg    + . .        h - +0 plate armour
rPois   inf          b - +0 helmet
rElec   +            i - scarf {repulsion}
rCorr   .            (no gloves)
SInv    .            (no boots)
Will    .....        (no amulet) Stlth
                     l - +5 ring of evasion
HPRegen 0.27/turn    (no ring)
MPRegen 0.10/turn

%: repel missiles
@: weakened
A: sickness immunity, AC +4, negative energy resistance 1, electricity
resistance, torment resistance 1, petrification resistance
a: no special abilities


You were on level 4 of the Dungeon.
You visited 1 branch of the dungeon, and saw 4 of its levels.

You collected 132 gold pieces.


Innate Abilities, Weirdness & Mutations

You are immune to sickness and miasma.
Your stone body is resilient. (AC +4)
You are immune to poison.
You resist negative energy. (rN+)
You are resistant to electric shocks. (rElec)
You are resistant to unholy torment.
You are immune to petrification.


   Skills:
 - Level 4.0 Fighting
 + Level 5.0 Axes
 - Level 3.5 Throwing
 - Level 3.2 Armour
 - Level 3.2 Shields


You had 6 spell levels left.
You didn't know any spells.
Your spell library was empty.

Inventory:

Hand Weapons
 e - a +0 morningstar
 Y - a +1 war axe (weapon)
Armour
 b - a +0 helmet (worn)
 c - a +0 buckler (worn)
 h - a +0 plate armour (worn)
 i - a scarf of repulsion (worn)
Jewellery
 l - a +5 ring of evasion (left hand)
Scrolls
 a - a scroll of identify
Potions
 d - a potion of might
 f - a potion of magic
 j - a potion of attraction {unknown}

Dungeon Overview and Level Annotations

Branches:
Dungeon (4/15)
 Temple: D:4-7

Altars:
Xom
The Shining One

Shops:
D:3 ?   D:4 =

Annotations:
D:3 2 transporters
D:4 Natasha


Message History

You hit Natasha. You barely miss the cerulean imp. You hit the gnoll.
The cerulean imp hits you from afar with a +0 spear.
The gnoll hits you with a +0 club.
The cerulean imp hits you but does no damage.
Natasha claws you but does no damage. The gnoll bouda barely misses you.
The cerulean imp hits you but does no damage.
You hit the gnoll.
The gnoll is almost dead.
You hit the gnoll bouda. You hit Natasha but do no damage.
You hit the cerulean imp. You block the gnoll's attack.
The cerulean imp closely misses you. Natasha closely misses you.
The gnoll bouda misses you.
The cerulean imp hits you from afar with a +0 spear.
The cerulean imp closely misses you. The gnoll hits you but does no damage.
You closely miss the gnoll.
The gnoll is almost dead.
You hit Natasha. You closely miss the cerulean imp.
You hit the gnoll bouda but do no damage.
Natasha barely misses you.
The gnoll bouda hits you with a +0 club.
The cerulean imp hits you but does no damage.
You block the gnoll's attack. The cerulean imp barely misses you.
You block Natasha's attack.
You slash the gnoll!
You kill the gnoll!
You hit Natasha. You hit the cerulean imp. You hit the gnoll bouda.
The gnoll bouda barely misses you. The cerulean imp barely misses you.
You block the cerulean imp's attack. Natasha claws you but does no damage.
The gnoll bouda mumbles some strange prayers to its god.
The gnoll bouda is healed somewhat.
Your Fighting skill increases to level 4!
You have reached level 7!
You barely miss Natasha.
Natasha is severely wounded.
You hit the gnoll bouda. You closely miss the cerulean imp.
You block the cerulean imp's attack.
The cerulean imp hits you but does no damage.
Natasha barely misses you.
The gnoll bouda hits you with a +0 club!
You die...

.#.............#.
#.............##
?.>....\.......# g
...........##..##
.. ..##.......#
.... #.
....##...###....
#..###......>......
#...##))).........
#....5g@...#.....#
#....%h5...##.....
#..###$...<.##....
. #....).## ....
##....## ###
...[... .........
......###...
...###.. ...


You could see a gnoll bouda, Natasha and 2 cerulean imps.

Vanquished Creatures
  Sigmund (D:2)
  Natasha (D:4)
  An orc wizard (D:3)
  Robin (D:2)
  3 adders (D:3)
  9 gnolls
  5 dart slugs
  4 orcs (D:3)
  5 bats
  9 endoplasms
  2 giant cockroaches
  4 hobgoblins
  3 quokkas
  9 ball pythons
  6 frilled lizards
  12 goblins
  4 kobolds
  5 rats
84 creatures vanquished.

Vanquished Creatures (others)
  An orc wizard (D:3)
1 creature vanquished.

Grand Total: 85 creatures vanquished

Notes
Turn   | Place    | Note
-------+----------+-------------------------------------------
     0 | D:1      | qw the Gargoyle Fighter began the quest for the Orb.
     0 | D:1      | Reached XP level 1. HP: 14/14 MP: 1/1
     0 | D:1      | 0 ||| qw: Version: 0.3-a-24-ga2abf7b
     0 | D:1      | 0 ||| qw: Game counter: 7114
     0 | D:1      | 0 ||| qw: Melee chars always use a shield: true
     0 | D:1      | 0 ||| qw: God list: Okawaru
     0 | D:1      | 0 ||| qw: Allow faded altars: false
     0 | D:1      | 0 ||| qw: Do Orc after clearing Dungeon:15 true
     0 | D:1      | 0 ||| qw: Do second Lair branch before Depths: true
     0 | D:1      | 0 ||| qw: Lair rune preference: random
     0 | D:1      | 0 ||| qw: Goals: Normal, Zot:1-4, Slime:5, God:TSO, Crypt,
                  | Tomb, Abyss, Pan, Hells, Win
     0 | D:1      | 0 ||| PLANNING D:1-11
    26 | D:1      | Reached skill level 2 in Axes
   102 | D:1      | Reached XP level 2. HP: 19/19 MP: 2/2
   368 | D:1      | 368 ||| Stepping ~*~*~tactically~*~*~ (hiding).
   370 | D:1      | 370 ||| Stepping ~*~*~tactically~*~*~ (hiding).
   381 | D:1      | Reached skill level 3 in Axes
   463 | D:1      | Reached XP level 3. HP: 23/23 MP: 3/3
   642 | D:1      | 642 ||| UPGRADING to +0 plate armour.
   652 | D:1      | 652 ||| DROPPING +0 scale mail.
   653 | D:1      | 653 ||| UPGRADING to scarf of repulsion.
   658 | D:1      | 658 ||| DROPPING ring of wizardry.
   659 | D:1      | 659 ||| READING scroll labelled YSI ISTROGEG.
   750 | D:2      | Noticed Robin
   756 | D:2      | Killed Robin
   837 | D:2      | Reached XP level 4. HP: 26/28 MP: 4/4
   845 | D:2      | Reached skill level 4 in Axes
   901 | D:2      | 901 ||| DROPPING +0 club.
  1574 | D:2      | Noticed Sigmund
  1586 | D:2      | Killed Sigmund
  1587 | D:2      | Reached skill level 3 in Throwing
  1587 | D:2      | Reached XP level 5. HP: 14/32 MP: 5/5
  1587 | D:2      | Reached XP level 6. HP: 17/37 MP: 6/6
  1798 | D:2      | 1798 ||| UPGRADING to +0 helmet.
  1803 | D:2      | 1803 ||| UPGRADING to +5 ring of evasion.
  1804 | D:2      | 1804 ||| READING 2 scrolls labelled IFURIE MAISCH.
  1805 | D:2      | 1805 ||| READING scroll labelled LUAMOJAENK.
  1926 | D:3      | 1926 ||| Stepping ~*~*~tactically~*~*~ (stealth).
  1928 | D:3      | 1928 ||| Stepping ~*~*~tactically~*~*~ (hiding).
  1948 | D:3      | 1948 ||| FLEEEEING.
  2029 | D:3      | 2029 ||| DROPPING +0 flail.
  2040 | D:3      | 2040 ||| Stepping ~*~*~tactically~*~*~ (stealth).
  2050 | D:3      | Found a transporter.
  2054 | D:3      | Found Jaityi's Magic Scroll Shoppe.
  2056 | D:3      | Found a transporter.
  2086 | D:3      | Found a glowing golden altar of the Shining One.
  2309 | D:3      | Reached skill level 5 in Axes
  2367 | D:3      | Found a shimmering altar of Xom.
  2680 | D:3      | 2680 ||| READING scroll labelled NOM JUGUMICLU.
  2681 | D:3      | 2681 ||| READING scroll labelled WUPSAPS QECA.
  2682 | D:3      | 2682 ||| READING 2 scrolls of identify.
  2682 | D:3      | 2682 ||| IDENTIFYING sedimented emerald potion
  2733 | D:4      | Found Plog's Jewellery Boutique.
  2747 | D:4      | 2747 ||| SHOPLISTING +4 ring of protection (468 gold, have
                  | 126).
  2747 | D:4      | 2747 ||| SHOPLISTING amulet "Siog" {Regen+ Str+3} (562
                  | gold, have 126).
  2747 | D:4      | 2747 ||| SHOPLISTING ring of ice (325 gold, have 126).
  2747 | D:4      | 2747 ||| SHOPLISTING ring of resist corrosion (260 gold,
                  | have 126).
  2755 | D:4      | Noticed Natasha
  2760 | D:4      | Killed Natasha
  2761 | D:4      | 2761 ||| Stepping ~*~*~tactically~*~*~ (hiding).
  2770 | D:4      | Noticed Natasha
  2780 | D:4      | HP: 5/38 [gnoll bouda/+0 club (5)]
  2782 | D:4      | Reached XP level 7. HP: 6/43 MP: 7/7
  2782 | D:4      | Slain by a gnoll bouda

Levels and vault maps discovered:
D:1:      minmay_arrival_hallway, layout_rooms, serial_corexii_hall,
          corexii_hall_statues_t, corexii_hall_statues_t,
          corexii_hall_statues_deadend, corexii_hall_statues_x
D:2:      layout_basic, uniq_robin, uniq_sigmund
D:3:      layout_loops_ring, mainiacjoe_overflow_surrounded_room,
          lemuel_coloured_pillars_altar, serial_shops, nicolae_shop_drivethru
D:4:      layout_cave_pools, serial_shops, shop, shop, serial_bayou_pond_e,
          uniq_natasha

Skill      XL: |  1  2  3  4  5  6 |
---------------+-------------------+-----
Axes           | 2 3 4 5 |  5.0
Throwing       | 3 |  3.5
Fighting       | 4 |  4.0
Armour         | |  3.2
Shields        | |  3.2

Action                     |  1- 3 |  4- 6 |  7- 9 || total
---------------------------+-------+-------+-------++-------
  Melee: War axe           |    82 |   144 |     1 ||   227
  Throw: Javelin           |       |    38 |       ||    38
    Use: Scroll            |     1 |     5 |       ||     6
 Armour: Scale mail        |    29 |       |       ||    29
         Plate armour      |    18 |    88 |     1 ||   107
  Dodge: Dodged            |    36 |    60 |     1 ||    97
  Block: Buckler           |     7 |    30 |     1 ||    38

Table legend:
 A = Non-vault XP
 B = Vault XP
 C = Vault XP percentage of total XP
 D = Non-vault monster count
 E = Vault monster count
 F = Vault count percentage of total count
                 A         B        C        D         E       F
            +---------+---------+-------+---------+---------+-------
      Total |     336 |     288 |  46.2 |      76 |       9 |  10.6
            +---------+---------+-------+---------+---------+-------
        D:1 |      48 |       0 |   0.0 |      23 |       0 |   0.0
        D:2 |      65 |     253 |  79.6 |      16 |       8 |  33.3
        D:3 |     175 |       0 |   0.0 |      31 |       0 |   0.0
        D:4 |      48 |      35 |  42.2 |       6 |       1 |  14.3
            +---------+---------+-------+---------+---------+-------
